 Dungeon Crawl Stone Soup version 0.17-a0-2208-ge5ab1d3 (webtiles) character file.

74 kosy22 the Sneak (level 4, -9/31 HPs)
             Began as a Vampire Enchanter on Oct 26, 2015.
             Killed from afar by a ball python (40 damage)
             ... with an exploding inner flame
             ... hexed by the player character
             ... on level 2 of the Dungeon.
             The game lasted 00:06:57 (1524 turns).

kosy22 the Sneak (Vampire Enchanter)                Turns: 1524, Time: 00:06:57

Health: -9/31      AC:  4    Str:  8    XL:     4   Next: 9%
Magic:  7/7        EV: 13    Int: 17    God:
Gold:   104        SH:  0    Dex: 14    Spells: 3 memorised, 1 level left

rFire  . . .     SeeInvis +     a - +1 dagger
rCold  . . .     Clarity  .     b - +1 robe
rNeg   + . .     SustAt   .     (no shield)
rPois  .         Gourm    .     (no helmet)
rElec  .         Spirit   .     (no cloak)
rCorr  .         Warding  .     (no gloves)
rMut   .         Stasis   .     o - +0 pair of boots
MR     .....                    (no amulet)
Stlth  +++.......               (no ring)
                                (no ring)

@: not resistant to hostile enchantments, fairly stealthy
A: fangs 3, see invisible, unbreathing
a: Bat Form


You were on level 2 of the Dungeon.
You were not thirsty.

You visited 1 branch of the dungeon, and saw 2 of its levels.

You collected 104 gold pieces.

Inventory:

Hand Weapons
 a - a +1 dagger (weapon)
Missiles
 e - 8 tomahawks (quivered)
Armour
 b - a +1 robe (worn)
 o - a +0 pair of boots (worn)
Wands
 m - a wand of polymorph (14)
Scrolls
 g - a scroll of teleportation {unknown}
 i - a scroll of identify
 j - a scroll of blinking {unknown}
Potions
 d - a potion of blood
 f - a potion of cancellation
 h - a potion of curing {unknown}
 k - 2 potions of haste {unknown}
Books
 c - a book of Maledictions

   Spells                             Type                      Level
   a - Corona                         Hexes                        1
   b - Ensorcelled Hibernation        Hexes/Ice                    2
   c - Confuse                        Hexes                        3
   d - Tukima's Dance                 Hexes                        3
   e - Dazzling Spray                 Conjuration/Hexes            3


   Skills:
 + Level 0.3 Fighting
 + Level 1.5 Short Blades
 + Level 0.2 Throwing
 + Level 2.8 Dodging
 + Level 5.8 Stealth
 + Level 2.2 Spellcasting
 + Level 4.9 Hexes


You had one spell level left.
You knew the following spells:

 Your Spells              Type           Power        Failure   Level  Hunger
a - Corona                Hex            ###....      2%          1    #......
b - Ensorcelled Hibernat  Hex/Ice        ##....       12%         2    ###....
c - Confuse               Hex            ###.....     10%         3    ###....


Dungeon Overview and Level Annotations

Branches:
Dungeon (2/15)

Altars:
Sif Muna


Innate Abilities, Weirdness & Mutations

You have razor-sharp teeth.
You have supernaturally acute eyesight.
You can survive without breathing.


Message History

You continue putting on your pair of boots. x4
You finish putting on your +0 pair of boots.
Read which item? (? for menu, Esc to quit)
As you read the scroll labeled IWUILE ZUSADOEPS, it crumbles to dust.
The air around you briefly surges with heat, but it dissipates.
It was a scroll of immolation.
You see here 20 stones.
A ball python and a kobold come into view.
There are monsters nearby!
Read which item? (? for menu, Esc to quit)
As you read the scroll of magic mapping, it crumbles to dust.
You feel aware of your surroundings.
Read which item? (? for menu, Esc to quit)
As you read the scroll of immolation, it crumbles to dust.
The creatures around you are filled with an inner flame!
You hit the ball python.
The ball python explodes!
The fiery explosion engulfs you!
Ouch! That really hurt!
You die...

,,,,,,...................#.......
***,**##..#######...#..#.#.#.....
,**,***#,,* ### #....#..........#
,,,,,,,,,,#######..##...........^
***,**,,,,+.._..'..###.#.#.##....
***,,,,,,,###.###........#>##....
,,,,***,,,* #.# #.####.###.......
***** *,,.###+###.# #...#####.#..
*,,......§@.# #)..# #.###.
*******,*....K#§§## #...# ##.#..
,,,,,*,**#..*,##.####...######.#.
,,,,,,** #*,,,*#............##.##
,,,,,** **,,,................#
,,,,,,** **,,**##...........####
,,,,,*,***,*** *####<..#####
*******,*,** #...# *,,** #...# #


You could see a kobold (inner flame).

Vanquished Creatures
  Terence (D:2)
  An adder (D:2)
  A worm (D:2)
  A giant gecko (D:1)
  A ball python (D:1)
  5 bats
  A giant cockroach (D:2)
  7 goblins
  3 hobgoblins (D:1)
  5 kobolds
  2 giant newts (D:1)
  A quokka (D:2)
  6 rats (D:1)
35 creatures vanquished.

Notes
Turn   | Place    | Note
--------------------------------------------------------------
     0 | D:1      | kosy22 the Vampire Enchanter began the quest for the Orb.
     0 | D:1      | Reached XP level 1. HP: 13/13 MP: 3/3
   153 | D:1      | Reached XP level 2. HP: 11/19 MP: 5/5
   157 | D:1      | Learned a level 2 spell: Ensorcelled Hibernation
   244 | D:1      | Reached skill level 5 in Stealth
  1136 | D:2      | Reached XP level 3. HP: 24/24 MP: 6/6
  1156 | D:2      | Found a deep blue altar of Sif Muna.
  1188 | D:2      | Learned a level 3 spell: Confuse
  1328 | D:2      | Noticed Terence
  1335 | D:2      | Killed Terence
  1335 | D:2      | Reached XP level 4. HP: 29/31 MP: 1/7
  1524 | D:2      | Killed from afar by a ball python

Vault maps used:
D:1:      dpeg_chamrin_arrival_tetris
D:2:      lemuel_doored_altar, uniq_terence

Action                   |  1- 3 |  4- 6 || total
-------------------------+-------+-------++-------
Melee: Dagger            |    75 |    15 ||    90
Throw: Tomahawk          |     6 |       ||     6
 Cast: Ensorcelled Hiber |     4 |       ||     4
       Confuse           |     1 |       ||     1
  Use: Scroll            |     2 |     3 ||     5
       Potion            |     2 |     1 ||     3
 Stab: Sleeping          |    12 |       ||    12
  Eat: Corpse            |       |     1 ||     1
